 Dungeon Crawl Stone Soup version 0.26-a0-639-g72c4674329 (webtiles) character file.

Game seed: 15012788184701445534

63 Gottschkopf the Ruffian (level 3, -2/28 HPs)
             Began as a Draconian Transmuter on Sept 17, 2020.
             Slain by an orc wizard
             ... wielding a +2 dagger of speed
              (3 damage)
             ... on level 4 of the Dungeon.
             The game lasted 00:01:37 (1091 turns).

Gottschkopf the Ruffian (Draconian Transmuter)      Turns: 1091, Time: 00:01:38

Health: -2/28      AC:  2    Str: 12    XL:     3   Next: 87%
Magic:  1/6        EV: 19    Int: 14    God:
Gold:   57         SH:  0    Dex: 16    Spells: 0/6 levels left

rFire    . . .     SeeInvis .     - Unarmed
rCold    . . .     Faith    .   (shield currently unavailable)
rNeg     . . .     Spirit   .   (armour unavailable)
rPois    x         Reflect  .   (helmet currently unavailable)
rElec    .         Harm     .   (cloak currently unavailable)
rCorr    .         Rampage  .   (gloves currently unavailable)
MR       .....                  (boots currently unavailable)
Stlth    +.........             (no amulet)
HPRegen  0.09/turn              (no ring)
MPRegen  0.10/turn              (no ring)

@: spider-form, wereblooded
A: tiny, unfitting armour, AC +5
a: End Transformation


You were on level 4 of the Dungeon.
You were a venomous arachnid creature.
You visited 1 branch of the dungeon, and saw 3 of its levels.

You collected 57 gold pieces.

Inventory:

Scrolls
 c - a scroll of remove curse {unknown}
 e - a scroll of fog {unknown}
Potions
 a - 2 potions of curing {unknown}
 b - a potion of heal wounds {unknown}
 d - a potion of invisibility {unknown}
 f - a potion of degeneration {unknown}


   Skills:
 - Level 1.1 Fighting
 - Level 1.7 Dodging
 - Level 4.2 Unarmed Combat
 - Level 2.0 Spellcasting
 * Level 2.7 Transmutations
 + Level 1.0 Poison Magic


You couldn't memorise any spells.
You knew the following spells:

 Your Spells              Type           Power        Failure   Level
a - Beastly Appendage     Tmut           #.....       21%         1
b - Spider Form           Tmut/Pois      #.........   54%         3
c - Wereblood             Tmut           #.......     28%         2

Your spell library contained the following spells:

 Spells                   Type           Power        Failure   Level
 Ice Form                 Ice/Tmut       #.......     92%         4
 Blade Hands              Tmut           #.........   98%         5


Dungeon Overview and Level Annotations

Branches:
Dungeon (2/15)

Altars:


Innate Abilities, Weirdness & Mutations

((Your plain brown scales are hard. (AC +5)))
You cannot fit into any form of body armour.
((You are cold-blooded and may be slowed by cold attacks.))


Message History

The orc wizard hits you but does no damage.
The orc hits you with a +0 short sword.
You barely miss the orc wizard. The orc wizard barely misses you.
The orc closely misses you.
You hit the orc.
The orc is poisoned.
The orc is heavily wounded.
You hiss as the wereblood boils in your veins!
You hear a shout!
The orc closely misses you.
You barely miss the orc. The orc hits you with a +0 short sword.
You barely miss the orc.
You kill the orc!
The orc wizard hits you with a +2 dagger of speed.
You barely miss the orc wizard.
The orc wizard hits you with a +2 dagger of speed.
* * * LOW HITPOINT WARNING * * *
The orc hits you with a +0 short sword.
* * * LOW HITPOINT WARNING * * *
The orc wizard hits you with a +2 dagger of speed.
You die...

#############
#.........o(#
##.########s# #.#
#o# #.##......†#
#..........(..#
o.......##.#####.#
....##### # #.#
#.o ..# #. ..# #
..#


You could see an orc wizard (fast) and an orc.

Vanquished Creatures
  A worker ant (D:4)
  3 dart slugs (D:1)
  2 leopard geckos
  An orc (D:4)
  A ball python (D:1)
  4 bats (D:1)
  A giant cockroach (D:1)
  6 goblins (D:1)
  A hobgoblin (D:1)
  2 kobolds (D:1)
  2 frilled lizards (D:1)
  4 rats (D:1)
28 creatures vanquished.

Notes
Turn   | Place    | Note
-------+----------+-------------------------------------------
     0 | D:1      | Gottschkopf the Draconian Transmuter began the quest for
                  | the Orb.
     0 | D:1      | Reached XP level 1. HP: 16/16 MP: 3/3
   169 | D:1      | Reached XP level 2. HP: 22/23 MP: 3/5
   567 | D:1      | Reached skill level 4 in Unarmed Combat
   783 | D:1      | Reached XP level 3. HP: 28/28 MP: 4/6
   788 | D:1      | Learned a level 3 spell: Spider Form
   791 | D:1      | Learned a level 2 spell: Wereblood
  1060 | D:2      | You fall into a shaft and drop 2 floors!
  1083 | D:4      | Reached skill level 1 in Poison Magic
  1091 | D:4      | HP: 1/28 [orc/+0 short sword (5)]
  1091 | D:4      | Slain by an orc wizard

Illustrated notes

Levels and vault maps discovered:
D:1:      minmay_arrival_doors, layout_basic, minmay_misc_feat_roman, hex_large,
          st_stairs_1
D:2:      kennysheep_six_static_rooms, layout_basic, uniq_jessica
D:4:      layout_basic, gammafunk_ghost_nasty_kobolds, serial_park_tiny_pond,
          uniq_eustachio

Skill      XL: |  1  2  3 |
---------------+----------+-----
Unarmed Combat | 4 |  4.2
Poison Magic   | 1 |  1.0
Fighting       | |  1.1
Dodging        | |  1.7
Spellcasting   | |  2.0
Transmutations | |  2.7

Action                   || total
-------------------------++-------
Melee: Unarmed           ||    66
       Headbutt          ||     8
       Kick              ||     8
       Tailslap          ||     4
 Cast: Beastly Appendage ||    19
       Spider Form       ||     1
       Wereblood         ||     1
 Stab: Sleeping          ||     1
Armor: Skin              ||    21
Dodge: Dodged            ||    39

Table legend: (Time is in decaauts)
 A = Elapsed time spent in this place.
 B = Non-inter-level travel time spent in this place.
 C = Inter-level travel time spent in this place.
 D = Time resting spent in this place.
 E = Time spent auto-exploring this place.
 F = Levels seen in this place.
 G = Mean time per level.
                   A        B        C        D        E       F      G
               +--------+--------+--------+--------+--------+-----+--------+
         Total |   1086 |   1068 |     18 |      0 |    885 |   3 |  362.0 |
       Dungeon |   1086 |   1068 |     18 |      0 |    885 |   3 |  362.0 |
               +--------+--------+--------+--------+--------+-----+--------+

Top non-repeatable levels by time:
     D:1: 1000 daAuts
     D:2: 55 daAuts
     D:4: 30 daAuts
